 Dungeon Crawl Stone Soup version 0.16-a0-4024-g0ecf4ac (webtiles) character file.

7796 bwiles81 the Fighter (level 11, -3/120 HPs)
             Began as an Ogre Berserker on Feb 18, 2015.
             Was a High Priest of Trog.
             Slain by an ogre
             ... wielding a +0 giant club
              (32 damage)
             ... on level 10 of the Dungeon.
             The game lasted 00:35:22 (12305 turns).

bwiles81 the Fighter (Ogre Berserker)              Turns: 12305, Time: 00:35:24

Health: -3/120     AC:  4    Str: 24    XL:     11   Next: 20%
Magic:  6/6        EV: 13    Int:  6    God:    Trog [*****.]
Gold:   264        SH:  0    Dex: 12    Spells: 0 memorised, 10 levels left

rFire  . . .     SeeInvis .     t - +3 dire flail (antimagic)
rCold  . . .     Clarity  .     b - +1 animal skin
rNeg   . . .     SustAb   .     (shield restricted)
rPois  .         Gourm    .     (helmet restricted)
rElec  .         Spirit   .     (no cloak)
rCorr  .         Warding  .     (gloves unavailable)
rMut   .         Stasis   .     (boots unavailable)
MR     +....                    A - amulet of faith
Stlth  +.........               (no ring)
                                (no ring)

@: lethally poisoned (-3 -> -4), exhausted, slowed, very slow, somewhat
resistant to hostile enchantments, very unstealthy
A: unfitting armour, tough skin 1
a: Burn Spellbooks, Berserk, Trog's Hand, Brothers in Arms, Renounce Religion


You were on level 10 of the Dungeon.
You worshipped Trog.
Trog was extremely pleased with you.
You were near starving.

You visited 1 branch of the dungeon, and saw 10 of its levels.
You also visited: Sewer and Ossuary.

You collected 436 gold pieces.
You spent 172 gold pieces at shops.

Inventory:

Hand weapons
 t - a +3 antimagic dire flail (weapon)
 v - a +2 flail of protection
Armour
 b - a +1 animal skin (worn)
Jewellery
 n - an uncursed amulet of resist corrosion
 A - an amulet of faith (around neck)
Magical devices
 d - a wand of cold (6)
 j - a wand of paralysis (4)
 q - a wand of slowing (8)
 u - a wand of paralysis (6)
Scrolls
 a - a scroll of blinking
 i - 3 scrolls of recharging
 m - 3 scrolls of magic mapping
 o - 6 scrolls of identify
 s - a scroll of remove curse
 x - 3 scrolls of vulnerability {unknown}
 y - a scroll of teleportation
 z - a scroll of enchant armour
Potions
 e - a potion of cure mutation
 f - 2 potions of resistance
 g - 2 potions of heal wounds
 h - a potion of restore abilities {unknown}
 k - 3 potions of agility
 p - 3 potions of might
 r - 2 potions of curing
 w - a potion of haste
Comestibles
 c - a meat ration
 l - 6 bread rations


   Skills:
 + Level 11.4 Fighting
 + Level 11.0 Maces & Flails
 + Level 6.9 Armour
 + Level 7.4 Dodging
 + Level 5.1 Evocations


You had 10 spell levels left.
You didn't know any spells.

Dungeon Overview and Level Annotations

Branches:
Dungeon (10/15)            Temple (0/1) D:7
   Lair: D:8-11         Orc: D:9-12

Altars:
Cheibriados
Dithmenos
Fedhas
Gozag
Kikubaaqudgha
Makhleb
Nemelex Xobeh
Okawaru
Qazlal
Ru
Trog
Vehumet
Zin
The Shining One

Shops:
D:7 !(*[

Annotations:
D:10 Harold


Innate Abilities, Weirdness & Mutations

You are too large for most types of armour.
You have tough skin (AC +1).


Message History

You are exhausted.
You feel yourself slow down.
You are near starving!
Read which item? (? for menu, Esc to quit)
As you read the scroll of teleportation, it crumbles to dust.
You feel strangely unstable. The adder barely misses you.
The orc wizard casts a spell.
The orc wizard seems to speed up.
The adder bites you.
* * * LOW HITPOINT WARNING * * *
You are poisoned.
The adder poisons you!
You feel sick. The adder barely misses you.
You feel sick. The adder closely misses you.
Your surroundings suddenly seem different.
Harold the Weathered comes into view.
He is wielding a dire flail.
Harold shouts!
An ogre comes into view. It is wielding a giant club.
The ogre shouts!
The ogre hits you with a giant club!!
You die...

... .......#
........#
.........#
..........#
.....b....#
..........#
...........#
........@..#
.........O.#
......@...#
..........#
..........#
.....C...#
.........
#######.
.........
.........
...


You could see Harold, a hill giant, an ogre and a bat.

Vanquished Creatures
  The ghost of plathrop the Grappler, an experienced VSMo of Cheibriados (D:9)
  An unseen horror (D:10)
  A griffon (D:9)
  A gargoyle (D:9)
  Grinder (D:5)
  A wyvern (D:10)
  Eustachio (D:6)
  9 yaks (D:9)
  A phantom (D:6)
  3 ice beasts
  An orc warrior (D:7)
  A sky beast (D:5)
  3 ogres
  3 big kobolds
  4 centaurs
  A crocodile (D:8)
  2 elf zombies (Ossuary)
  3 giant frogs
  4 scorpions
  A wyvern zombie (D:8)
  A water moccasin skeleton (D:8)
  6 killer bees (D:9)
  3 wights (D:7)
  A jelly (D:8)
  An electric eel (D:7)
  3 crimson imps
  2 goliath beetles
  2 giant frog zombies
  6 hounds
  4 human zombies (Ossuary)
  An iron imp (D:5)
  9 orc wizards
  3 giant frog skeletons
  2 iguanas
  4 orc priests
  7 worker ants
  Ijyb (D:7)
  3 hound zombies
  3 mummies (Ossuary)
  12 gnolls
  14 adders
  4 giant mites
  7 worms
  2 adder skeletons
  2 adder zombies (Ossuary)
  9 giant geckos
  2 oozes (Sewer)
  40 orcs
  7 ball pythons
  A bat skeleton (D:6)
  A bat zombie (D:5)
  4 goblins
  17 hobgoblins
  11 jackals
  22 kobolds
  6 quokkas
  16 bats
  5 giant cockroaches
  A giant gecko skeleton (D:5)
  4 giant newts
  A giant spore (D:9)
  2 goblin skeletons (D:5)
  4 goblin zombies
  5 hobgoblin zombies (Ossuary)
  3 jackal zombies
  A kobold skeleton (D:5)
  4 kobold zombies
  An orc skeleton (D:5)
  3 orc zombies
  A quokka skeleton (D:4)
  6 quokka zombies (Ossuary)
  19 rats
  3 rat zombies (Ossuary)
  A ballistomycete (D:7)
346 creatures vanquished.

Vanquished Creatures (collateral kills)
  An orc priest (D:4)
  3 gnolls (D:4)
  2 orcs (D:4)
  A ball python (D:4)
7 creatures vanquished.

Vanquished Creatures (others)
  A giant spore (D:7)
  A ballistomycete (D:9)
2 creatures vanquished.

Grand Total: 355 creatures vanquished

Notes
Turn   | Place    | Note
--------------------------------------------------------------
     0 | D:1      | bwiles81, the Ogre Berserker, began the quest for the Orb.
     0 | D:1      | Reached XP level 1. HP: 24/24 MP: 1/1
   130 | D:1      | Reached XP level 2. HP: 29/32 MP: 2/2
   157 | D:1      | You fall through a shaft!
   157 | D:2      | Found an iron altar of Okawaru.
   256 | D:2      | Acquired Trog's second power
   549 | D:2      | Reached XP level 3. HP: 37/40 MP: 3/3
   874 | D:2      | Found a bloodstained altar of Trog.
  1073 | D:2      | Reached XP level 4. HP: 36/49 MP: 4/4
  1881 | D:1      | Found a snail-covered altar of Cheibriados.
  2088 | D:3      | Found a glowing drain.
  2096 | Sewer    | Entered a sewer
  2185 | Sewer    | Reached XP level 5. HP: 53/55 MP: 5/5
  2271 | Sewer    | Reached skill level 5 in Fighting
  2531 | Sewer    | Noticed a big kobold
  2531 | Sewer    | Noticed a big kobold
  2557 | Sewer    | Killed a big kobold
  2557 | Sewer    | Reached skill level 5 in Maces & Flails
  2575 | Sewer    | Killed a big kobold
  2575 | Sewer    | Reached XP level 6. HP: 18/66 MP: 6/6
  3345 | D:3      | Acquired Trog's third power
  3500 | D:4      | Reached skill level 6 in Fighting
  3764 | D:4      | Reached XP level 7. HP: 67/76 MP: 7/7
  3772 | D:4      | Found a shadowy altar of Dithmenos.
  3833 | D:4      | Found a glowing silver altar of Zin.
  4431 | D:4      | Reached skill level 7 in Fighting
  5226 | D:5      | Entered Level 5 of the Dungeon
  5262 | D:5      | Reached XP level 8. HP: 74/87 MP: 8/8
  5293 | D:5      | Found a sand-covered staircase.
  5298 | Ossuary  | Entered an ossuary
  5754 | Ossuary  | Reached skill level 8 in Fighting
  5859 | Ossuary  | Identified a scroll of acquirement
  5860 | Ossuary  | Got a pitted shield
  5866 | Ossuary  | Identified the -2 shield of the Scribe {MR+} (You acquired it in an ossuary)
  6218 | D:5      | Found a glowing golden altar of the Shining One.
  6383 | D:5      | Noticed Grinder
  6383 | D:5      | Paralysed by Grinder for 7 turns
  6396 | D:5      | Killed Grinder
  6396 | D:5      | Reached skill level 5 in Dodging
  6774 | D:6      | Reached XP level 9. HP: 94/97 MP: 10/10
  6777 | D:6      | Reached skill level 1 in Evocations
  6803 | D:6      | Reached skill level 5 in Armour
  6885 | D:6      | Reached skill level 9 in Fighting
  7475 | D:6      | Noticed Eustachio
  7491 | D:6      | Killed Eustachio
  7557 | D:6      | Found an opulent altar of Gozag.
  8255 | D:7      | Found Feafurergh's Assorted Antiques.
  8259 | D:7      | Bought a scroll of identify for 52 gold pieces
  8490 | D:7      | Found Lojoppoi's Antique Armour Shop.
  8559 | D:7      | Found Afraikhla's Distillery.
  8562 | D:7      | Bought a potion of haste for 120 gold pieces
  8580 | D:7      | Noticed Ijyb
  8593 | D:7      | Killed Ijyb
  8774 | D:7      | Found Giliocea's Weapon Shoppe.
  8778 | D:7      | Received a gift from Trog
  9171 | D:7      | Found a staircase to the Ecumenical Temple.
  9459 | D:8      | Found a stormy altar of Qazlal.
  9594 | D:8      | Found a sparkling altar of Nemelex Xobeh.
  9660 | D:8      | Reached XP level 10. HP: 57/110 MP: 5/15
  9866 | D:8      | Found a sacrificial altar of Ru.
  9889 | D:8      | Found an ancient bone altar of Kikubaaqudgha.
  9946 | D:8      | Reached skill level 10 in Fighting
 10019 | D:8      | Paralysed by a gnoll for 3 turns
 10764 | D:9      | Noticed a griffon
 10773 | D:9      | Killed a griffon
 10984 | D:9      | Reached skill level 10 in Maces & Flails
 11251 | D:9      | Found a blossoming altar of Fedhas.
 11261 | D:9      | Found a burning altar of Makhleb.
 11323 | D:9      | Noticed plathrop's ghost (experienced VSMo)
 11343 | D:9      | Killed plathrop's ghost
 11680 | D:9      | Found a radiant altar of Vehumet.
 11826 | D:9      | Reached skill level 11 in Fighting
 11840 | D:9      | Reached XP level 11. HP: 120/120 MP: 6/18
 12142 | D:10     | Entered Level 10 of the Dungeon
 12166 | D:10     | Killed an unseen horror
 12166 | D:10     | Reached skill level 5 in Evocations
 12279 | D:10     | Noticed a tengu warrior
 12305 | D:10     | Noticed Harold
 12305 | D:10     | Slain by an ogre

Action                   |  1- 3 |  4- 6 |  7- 9 | 10-12 || total
-------------------------+-------+-------+-------+-------++-------
Melee: Mace              |    84 |   265 |       |       ||   349
       Flail             |       |    10 |   586 |       ||   596
       Dire flail        |       |       |    58 |   255 ||   313
Invok: Berserk           |     1 |     3 |     4 |     5 ||    13
       Trog's Hand       |       |     2 |     4 |     1 ||     7
       Brothers in Arms  |       |     1 |       |       ||     1
  Use: Scroll            |       |       |    20 |     3 ||    23
       Potion            |       |       |     1 |       ||     1
 Stab: Sleeping          |       |     1 |     2 |       ||     3
  Eat: Chunk             |     1 |     8 |    14 |    11 ||    34
       Meat ration       |       |     1 |     1 |       ||     2
       Fruit             |       |       |     4 |       ||     4
       Beef jerky        |       |       |     1 |       ||     1
       Pizza             |       |       |       |     1 ||     1
